 Dungeon Crawl Stone Soup version 0.30-a0-782-ge64f9170bb (webtiles) character file.

Game seed: 4365716808172825921

30020 HoaS the Marksgargoyle (level 13, -7/83 HPs)
             Began as a Gargoyle Hunter on Feb 18, 2023.
             Engulfed by a cloud of flame (9 damage)
             ... on level 4 of the Lair of Beasts.
             The game lasted 00:28:19 (12719 turns).

HoaS the Marksgargoyle (Gargoyle Hunter)           Turns: 12719, Time: 00:28:20

Health: -7/83      AC: 26    Str: 17    XL:     13   Next: 49%
Magic:  13/13      EV: 21    Int: 12    God:
Gold:   845        SH:  0    Dex: 23    Spells: 12/12 levels left

rFire   . . .      SeeInvis .    a - +3 shortbow
rCold   . . .      Faith    .    (shield currently unavailable)
rNeg    + . .      Spirit   .    F - +0 troll leather armour
rPois   ∞          Reflect  .    B - +0 helmet {Int+3}
rElec   +          Harm     .    g - +1 cloak
rCorr   .          Rampage  .    E - +2 pair of gloves
Will    .....                    e - +2 pair of boots
Stlth   ++                       n - amulet of regeneration
HPRegen 1.93/turn                i - +4 ring of protection
MPRegen 0.13/turn                k - +6 ring of dexterity

@: no status effects
A: sickness immunity, AC +9, negative energy resistance 1, electricity
resistance, torment resistance 1, petrification resistance
a: no special abilities


You were on level 4 of the Lair of Beasts.
You visited 3 branches of the dungeon, and saw 17 of its levels.

You collected 981 gold pieces.
You spent 136 gold pieces at shops.

Inventory:

Hand Weapons
 a - a +3 shortbow (weapon)
Missiles
 y - 2 throwing nets
Armour
 e - a +2 pair of boots (worn)
 g - a +1 cloak (worn)
 m - a +2 leather armour of willpower
 B - a +0 helmet of intelligence (worn)
 E - a +2 pair of gloves (worn)
 F - a +0 troll leather armour (worn)
Jewellery
 i - a +4 ring of protection (left hand)
 k - a +6 ring of dexterity (right hand)
 n - an amulet of regeneration (around neck)
 w - a ring of ice
 H - a +6 ring of strength
 M - a ring of positive energy
Wands
 l - a wand of quicksilver (5)
 q - a wand of paralysis (17)
 u - a wand of iceblast (8)
 x - a wand of mindburst (25)
 K - a wand of flame (11)
Scrolls
 b - 3 scrolls of immolation
 d - 2 scrolls of identify
 z - 2 scrolls of teleportation
 A - 4 scrolls of blinking
 D - 2 scrolls of poison
 G - 2 scrolls of magic mapping {unknown}
 I - 2 scrolls of fear
Potions
 c - 2 potions of haste
 f - 4 potions of invisibility {unknown}
 h - 10 potions of curing
 j - 3 potions of lignification
 o - a potion of mutation {unknown}
 p - 2 potions of brilliance {unknown}
 r - 5 potions of flight {unknown}
 s - 4 potions of attraction
 t - 2 potions of degeneration {unknown}
 v - 2 potions of magic {unknown}
 C - a potion of might {unknown}
 J - 3 potions of heal wounds
 L - 4 potions of ambrosia {unknown}


   Skills:
 + Level 10.7 Fighting
 - Level 16.0 Ranged Weapons
 * Level 11.5 Dodging
 - Level 1.1 Stealth


You had 12 spell levels left.
You didn't know any spells.
Your spell library contained the following spells:

 Spells                   Type           Power      Damage    Failure   Level
 Blink                    Tloc           0%         N/A       52%         2
 Lesser Beckoning         Tloc           0%         N/A       52%         2
 Momentum Strike          Conj/Tloc      0%         3d8       52%         2
 Poisonous Vapours        Pois/Air       0%         N/A       52%         2
 Gell's Gravitas          Tloc           0%         N/A       77%         3
 Kindle Blastsparks       Fire/Tloc/Air  0%         2d10      77%         3
 Mephitic Cloud           Conj/Pois/Air  0%         N/A       77%         3
 Ozocubu's Armour         Ice            0%         N/A       77%         3
 Teleport Other           Tloc           0%         N/A       77%         3
 Animate Dead             Necr           0%         N/A       99%         4
 Fulminant Prism          Conj/Hex       0%         3d5       99%         4
 Iskenderun's Mystic Bla  Conj/Tloc      0%         2d3       99%         4
 Manifold Assault         Tloc           0%         N/A       99%         4
 Petrify                  Tmut/Erth      0%         N/A       99%         4
 Summon Ice Beast         Ice/Summ       0%         N/A       99%         4
 Borgnjor's Vile Clutch   Necr/Erth      0%         N/A       100%        5
 Lee's Rapid Deconstruct  Erth           0%         3d4*      100%        5
 Metabolic Englaciation   Hex/Ice        0%         N/A       100%        5
 Summon Mana Viper        Hex/Summ       0%         N/A       100%        5
 Death Channel            Necr           0%         N/A       100%        6
 Dispersal                Tloc           0%         N/A       100%        6
 Monstrous Menagerie      Summ           0%         N/A       100%        7
 Ozocubu's Refrigeration  Ice            0%         4d7       100%        7
 Storm Form               Tmut/Air       0%         N/A       100%        7
 Cigotuvi's Dreadful Rot  Necr/Pois/Air  Unusable   N/A       N/A         2
 Statue Form              Tmut/Erth      Unusable   N/A       N/A         6

Dungeon Overview and Level Annotations

Branches:
Dungeon (11/15)            Temple (1/1) D:4            Lair (5/5) D:11
 Shoals (0/4) Lair:2       Spider (0/4) Lair:2        Slime (0/5) Lair:5
    Orc (0/2) D:11

Altars:
Ashenzari
Cheibriados
Dithmenos
Elyvilon
Fedhas
Gozag
Hepliaklqana
Kikubaaqudgha
Makhleb
Nemelex Xobeh
Okawaru
Qazlal
Ru
Sif Muna
Trog
Uskayaw
Vehumet
Wu Jian
Xom
Yredelemnul
Zin
The Shining One

Shops:
D:2 :   D:3 (   D:7 *

Portals:
Gauntlet: Lair:4

Annotations:
Lair:1 1 runed translucent door, Nog Kykopnig's ghost, adept TeAE


Innate Abilities, Weirdness & Mutations

You are immune to sickness and miasma.
Your stone body is resilient. (AC +9)
You are immune to poison.
You resist negative energy. (rN+)
You are resistant to electric shocks. (rElec)
You are resistant to unholy torment.
You are immune to petrification.


Message History

The fire crab is heavily wounded.
You are engulfed in blazing flames.
The fire crab misses you. The fire crab closely misses you.
You shoot an arrow.
The arrow hits the fire crab but does no damage.
The fire crab is heavily wounded.
You are engulfed in blazing flames.
You shoot an arrow.
The arrow hits the fire crab but does no damage.
The fire crab is heavily wounded.
You are engulfed in blazing flames.
The fire crab breathes flames at you.
The blast of flame engulfs you but does no damage.
You shoot an arrow. The arrow barely misses the fire crab.
You are engulfed in blazing flames.
The fire crab breathes flames at you.
The blast of flame engulfs you but does no damage.
You shoot an arrow. The arrow hits the fire crab!
The fire crab is severely wounded.
You are engulfed in blazing flames.
* * * LOW HITPOINT WARNING * * *
The fire crab misses you. The fire crab barely misses you.
You shoot an arrow. The arrow hits the fire crab!
The fire crab is almost dead.
You shoot an arrow. The arrow hits the fire crab!
The fire crab is almost dead.
The fire crab breathes flames at you. The blast of flame engulfs you.
* * * LOW HITPOINT WARNING * * *
You shoot an arrow.
The arrow hits the fire crab but does no damage.
The fire crab is almost dead.
You are engulfed in blazing flames.
* * * LOW HITPOINT WARNING * * *
The fire crab bites you but does no damage.
The fire crab barely misses you.
You shoot an arrow. The arrow hits the fire crab!
You kill the fire crab!
You are engulfed in blazing flames.
You die...

.###..####........#
......####..#.#P###
.............#### .###........##
### ##♣# .##......#..#
##.###.~♣♣# ####...###..#######
#.......P~♣
#.....[##....##°#°#####......~~~~
.............°°°°°°°....##...PP~~
..............°°@##.#####....~~~~
..##.........######## ##....~~P
.## ...#.#...# ####~♣~# .##
..####..## ##♣♣# ..#P.. #..°
...... .∩.°○ ...... ...°○○.
#..P.. ......☼..
###.P..###....○..


There were no monsters in sight!

Vanquished Creatures
  Gastronok (D:11)
  A hydra (Lair:2)
  3 boulder beetles
  4 death yaks (Lair:5)
  A fire crab (Lair:4)
  Amaemon (Lair:1)
  A skyshark (Lair:5)
  A wolf spider (Lair:2)
  An oklob plant (Lair:5)
  A manticore (D:11)
  7 elephants
  3 merfolk sirens (Lair:2)
  Joseph (Lair:1)
  4 cane toads
  An orange demon (Lair:1)
  A rime drake (Lair:1)
  2 unseen horrors (D:11)
  4 komodo dragons
  5 trolls
  A hornet (D:10)
  4 polar bears (Lair:5)
  A merfolk (Lair:2)
  5 blink frogs (Lair:1)
  A vampire (D:11)
  2 wraiths
  A culicivora (Lair:2)
  Sigmund (D:2)
  27 yaks
  A basilisk (Lair:2)
  A redback (Lair:2)
  3 vampire mosquitoes (D:10)
  Grum (D:8)
  9 water moccasins
  An ice beast (D:5)
  3 orc warriors
  A black bear (D:6)
  17 wolves
  5 centaurs
  A phantom (D:7)
  Blork the orc (D:4)
  3 kobold brigands
  4 bullfrogs
  2 gnoll sergeants (D:6)
  3 scorpions
  A necrophage (D:4)
  7 wights
  8 killer bees
  6 howler monkeys
  5 electric eels
  7 hounds
  7 orc priests
  2 jellies
  3 gnoll boudas
  5 iguanas
  7 orc wizards
  26 gnolls
  6 adders
  A white imp (D:6)
  2 ufetubi
  A worm (D:2)
  5 dart slugs
  36 orcs
  6 ball pythons
  6 bats
  5 endoplasms
  2 giant cockroaches (D:1)
  6 goblins
  13 hobgoblins
  2 jackals (D:2)
  6 quokkas
  5 frilled lizards
  22 kobolds
  5 rats
355 creatures vanquished.

Vanquished Creatures (others)
  An orc wizard (D:6)
  22 fungi
  34 plants
57 creatures vanquished.

Grand Total: 412 creatures vanquished

Notes
Turn   | Place    | Note
-------+----------+-------------------------------------------
     0 | D:1      | HoaS the Gargoyle Hunter began the quest for the Orb.
     0 | D:1      | Reached XP level 1. HP: 12/12 MP: 1/1
    94 | D:1      | Reached XP level 2. HP: 17/17 MP: 2/2
   603 | D:1      | Reached XP level 3. HP: 21/21 MP: 3/3
   626 | D:1      | Reached skill level 5 in Ranged Weapons
  1277 | D:2      | Found a faded altar of an unknown god.
  1482 | D:2      | Found Sawnaip's Book Emporium.
  1491 | D:2      | Reached XP level 4. HP: 26/26 MP: 4/4
  1504 | D:2      | You fall into a shaft and drop 1 floor!
  1705 | D:2      | Noticed Sigmund
  1880 | D:2      | Killed Sigmund
  1881 | D:2      | Reached skill level 7 in Ranged Weapons
  1881 | D:2      | Reached XP level 5. HP: 28/30 MP: 5/5
  2020 | D:3      | Reached XP level 6. HP: 35/35 MP: 6/6
  2163 | D:3      | Found Qiuxzorch's Weapon Emporium.
  2765 | D:4      | Found a staircase to the Ecumenical Temple.
  2810 | D:4      | Noticed Blork the orc
  2821 | D:4      | Killed Blork the orc
  2872 | Temple   | Entered the Ecumenical Temple
  3295 | D:4      | Reached skill level 8 in Ranged Weapons
  3717 | D:5      | Entered Level 5 of the Dungeon
  3724 | D:5      | Reached XP level 7. HP: 40/40 MP: 7/7
  3838 | D:5      | Reached skill level 9 in Ranged Weapons
  3985 | D:5      | Reached XP level 8. HP: 18/44 MP: 8/8
  4263 | D:5      | Reached skill level 10 in Ranged Weapons
  4446 | D:6      | Identified the +3 trident "Zesurch" {pain, rElec rC+ Will+
                  | Dex+2}
  4468 | D:6      | Reached skill level 11 in Ranged Weapons
  4605 | D:6      | Reached XP level 9. HP: 48/48 MP: 9/9
  4614 | D:6      | Reached skill level 12 in Ranged Weapons
  4876 | D:6      | Found an ornate altar of the Wu Jian Council.
  5373 | D:7      | Found a glowing silver altar of Zin.
  5482 | D:7      | Reached skill level 13 in Ranged Weapons
  5853 | D:7      | Found Ceseiclu's General Store.
  5856 | D:7      | Bought a scroll of teleportation for 39 gold pieces
  5856 | D:7      | Bought a scroll of blinking for 97 gold pieces
  6115 | D:8      | Noticed Grum
  6136 | D:8      | Killed Grum
  6563 | D:8      | Reached skill level 14 in Ranged Weapons
  6883 | D:9      | Reached XP level 10. HP: 53/53 MP: 10/10
  7079 | D:9      | Reached skill level 15 in Ranged Weapons
  7208 | D:9      | Found a broken altar of Ashenzari.
  8046 | D:10     | Entered Level 10 of the Dungeon
  8388 | D:10     | Found a sacrificial altar of Ru.
  8471 | D:10     | Reached skill level 16 in Ranged Weapons
  8929 | D:10     | Reached XP level 11. HP: 52/60 MP: 11/11
  9003 | D:11     | Noticed a boulder beetle
  9078 | D:10     | Killed a boulder beetle
  9185 | D:11     | Found a staircase to the Orcish Mines.
  9213 | D:11     | Reached skill level 5 in Dodging
  9230 | D:11     | Noticed a manticore
  9239 | D:11     | Killed a manticore
  9240 | D:11     | Reached skill level 5 in Fighting
  9423 | D:11     | Noticed Gastronok
  9442 | D:11     | Killed Gastronok
  9528 | D:11     | Noticed a boulder beetle
  9574 | D:11     | Killed a boulder beetle
  9584 | D:11     | Found a staircase to the Lair.
  9845 | D:11     | Noticed a boulder beetle
  9902 | D:11     | Killed a boulder beetle
 10086 | Lair:1   | Entered Level 1 of the Lair of Beasts
 10096 | Lair:1   | Reached XP level 12. HP: 72/72 MP: 12/12
 10107 | Lair:1   | Found a runed translucent door.
 10110 | Lair:1   | Noticed Nog Kykopnig's ghost (adept TeAE)
 10110 | Lair:1   | Identified the +7 trident of Dafuot {venom, Drain Int+2
                  | Stlth+}
 10263 | Lair:1   | Noticed Joseph
 10275 | Lair:1   | Killed Joseph
 10460 | Lair:1   | Noticed Amaemon
 10479 | Lair:1   | Killed Amaemon
 11396 | Lair:2   | Noticed a six-headed hydra
 11408 | Lair:2   | Killed a six-headed hydra
 11409 | Lair:2   | Reached skill level 10 in Dodging
 11611 | Lair:2   | Found a staircase to the Shoals.
 11667 | Lair:2   | Found a hole to the Spider Nest.
 11976 | Lair:3   | Reached XP level 13. HP: 80/80 MP: 13/13
 11999 | Lair:3   | You fall into a shaft and drop 2 floors!
 11999 | Lair:5   | Entered Level 5 of the Lair of Beasts
 12052 | Lair:5   | Reached skill level 10 in Fighting
 12271 | Lair:5   | Found a staircase to the Slime Pits.
 12643 | Lair:4   | Found a gate leading to a gauntlet.
 12718 | Lair:4   | HP: 1/83 [fire crab] (10)]
 12719 | Lair:4   | Engulfed by a cloud of flame

Illustrated notes

Levels and vault maps discovered:
D:1:      scummos_arrival_checkerplants, layout_basic, hangedman_decor_push
D:2:      layout_basic, serial_shops, nicolae_shop_behind_doors,
          hellmonk_ecumenical_altar_pennies_from_heaven, uniq_sigmund
D:3:      layout_loops_ring, serial_shops, shop
D:4:      layout_cave_pods, temple_pool_b, uniq_blork_the_orc
D:5:      layout_basic
D:6:      layout_loops_ring, mainiacjoe_overflow_chevrons, abandoned_shop
D:7:      layout_loops_cross, lemuel_crystal_altar, serial_shops,
          nicolae_shop_behind_doors, kennysheep_generic_room_3
D:8:      layout_layer_cave, uniq_grum
D:9:      layout_basic, ashenzari_altar_1, kennysheep_windowed_goal
D:10:     layout_basic, nicolae_ru_awakened_eye, enter_bailey_4
D:11:     layout_loops_ring, erik_lair_island, orc_david_3, minmay_fountain_box,
          nrook_mini_backslash, dk_noncrumbling_2, uniq_gastronok
Temple:   nicolae_temple_two_arcs
Lair:1:   layout_regular_city, ebering_ghost_funeral_grove, fungi_pond_lemuel,
          uniq_joseph, uniq_amaemon
Lair:2:   layout_regular_city, elwin_shoals_entry_stream,
          spider_nest_entry_funnel_web, chequers_serial_rivers_large_a,
          infiniplex_staircase_pool, lemuel_fruit_fields, serial_bayou_shore_a
Lair:3:   layout_gridlike
Lair:4:   layout_small_grid, gauntlet_entry_generic, special_room
          [special_room_mythical_zoo], serial_bayou_shore_b,
          serial_bayou_shore_b, uniq_rupert
Lair:5:   grunt_lair_end_beastmaster, layout_gridlike,
          nicolae_slime_entry_field_trip, minmay_lair_oklob_items,
          grunt_forest_large_clearing_hut

Skill      XL: |  1  2  3  4  5  6  7  8  9 10 11 12 13 |
---------------+----------------------------------------+-----
Ranged Weapons | 5 7 8 9 11 14 16 | 16.0
Dodging        | 3 7 10 11 | 11.5
Fighting       | 3 7 9 10 | 10.7
Stealth        | |  1.1

Action                     |  1- 3 |  4- 6 |  7- 9 | 10-12 | 13-15 || total
---------------------------+-------+-------+-------+-------+-------++-------
   Fire: Shortbow          |   107 |   136 |   468 |  1059 |   344 ||  2114
    Use: Scroll            |     4 |     2 |    10 |     1 |       ||    17
         Potion            |       |       |       |     3 |       ||     3
 Armour: Leather armour    |    28 |    19 |   140 |    60 |       ||   247
         Troll leather arm |       |       |       |   261 |   101 ||   362
  Dodge: Dodged            |    43 |    19 |   144 |   443 |   219 ||   868

Table legend: (Time is in decaauts)
 A = Elapsed time spent in this place.
 B = Non-inter-level travel time spent in this place.
 C = Inter-level travel time spent in this place.
 D = Time resting spent in this place.
 E = Time spent auto-exploring this place.
 F = Levels seen in this place.
 G = Mean time per level.
                   A        B        C        D        E       F      G
               +--------+--------+--------+--------+--------+-----+--------+
         Total |  12427 |  11827 |    600 |    428 |   8609 |  17 |  731.0 |
       Dungeon |   9759 |   9226 |    533 |    305 |   6911 |  11 |  887.2 |
        Temple |    211 |    204 |      7 |      0 |    106 |   1 |  211.0 |
          Lair |   2456 |   2396 |     60 |    123 |   1592 |   5 |  491.2 |
               +--------+--------+--------+--------+--------+-----+--------+

Top non-repeatable levels by time:
     D:1: 1217 daAuts
     D:9: 1152 daAuts
  Lair:2: 1013 daAuts
    D:11: 960 daAuts
    D:10: 943 daAuts
     D:6: 922 daAuts
     D:8: 849 daAuts
     D:2: 804 daAuts
     D:3: 790 daAuts
  Lair:1: 784 daAuts
     D:4: 783 daAuts
     D:7: 763 daAuts
     D:5: 571 daAuts
  Lair:5: 442 daAuts
  Temple: 211 daAuts
